 Dungeon Crawl Stone Soup version 0.23-a0-470-g6f7cfd9 (webtiles) character file.

42868 Greg the Unseen (level 13, -3/82 HPs)
             Began as a Spriggan Assassin on Nov 26, 2018.
             Slain by an orc warlord
             ... wielding a +4 battleaxe of flaming
              (35 damage)
             ... on level 1 of the Orcish Mines on Nov 27, 2018.
             The game lasted 02:30:08 (29665 turns).

Greg the Unseen (Spriggan Assassin)                Turns: 29665, Time: 02:30:09

Health: -3/82      AC: 13    Str:  5    XL:     13   Next: 87%
Magic:  16/16      EV: 31    Int: 20    God:
Gold:   1643       SH:  8    Dex: 24    Spells: 9/12 levels left

rFire    . . .     SeeInvis +   B - +5 dagger (venom)
rCold    + + .     Gourm    .   p - +2 buckler {rC+}
rNeg     + . .     Faith    .   H - +1 robe {rN+}
rPois    .         Spirit   .   d - +1 hat of Uliuc {rC+ rCorr Int+7}
rElec    .         Reflect  .   r - +0 cloak "Peguf" {Dex+2}
rCorr    +         Harm     .   (gloves unavailable)
MR       ++...                  (boots unavailable)
Stlth    +++++++...             (no amulet)
HPRegen  0.23/turn              h - +5 ring of protection
MPRegen  0.15/turn              x - +3 ring of protection

@: very quick
A: very small, unfitting armour, talons 1, see invisible, herbivore, speed 3,
high mp 1, robust 1, slow metabolism 2, weak 1
a: no special abilities


You were on level 1 of the Orcish Mines.
You were not hungry.

You visited 4 branches of the dungeon, and saw 20 of its levels.
You also visited: Ossuary and Ice Cave.

You collected 1643 gold pieces.

Inventory:

Hand Weapons
 b - a +0 blowgun
 s - the +3 rapier "Ymi Arim" {pierce, rElec rN+++ Int-2 Stlth-}
   (You found it on level 4 of the Dungeon)

   It inflicts extra damage upon your enemies.
   It affects your intelligence (-2).
   It insulates you from electricity.
   It renders you almost immune to negative energy.
   It makes you less stealthy.
 t - a +2 dagger of protection
 B - a +5 dagger of venom (weapon)
Missiles
 e - 48 poisoned needles
 f - 47 sling bullets
 i - 2 throwing nets
 j - 5 curare-tipped needles
 n - 2 needles of paralysis
 A - a tomahawk of returning
 F - 4 needles of frenzy
 G - 33 bolts
 J - 19 tomahawks (quivered)
 V - 2 needles of sleeping
Armour
 d - the +1 hat of Uliuc (worn) {rC+ rCorr Int+7}
   (You acquired it on level 2 of the Lair of Beasts)

   It affects your intelligence (+7).
   It protects you from cold.
   It provides partial protection from all sources of acid and corrosion.
 p - a +2 buckler of cold resistance (worn)
 r - the +0 cloak "Peguf" (worn) {Dex+2}
   (You found it on level 4 of the Dungeon)

   It affects your dexterity (+2).
 H - a +1 robe of positive energy (worn)
 N - the +3 robe of the King of the Hill {rC+, unknown}
   (You found it on level 10 of the Dungeon)

   It protects you from cold.
 U - a +0 robe of fire resistance
 W - a +0 troll leather armour
Jewellery
 h - a +5 ring of protection (left hand)
 x - a +3 ring of protection (right hand)
 y - an uncursed ring of flight
 z - an uncursed ring of protection from magic
 M - a +2 ring of intelligence
 R - a +3 ring of strength
Wands
 E - a wand of acid (11)
 I - a wand of digging (7)
 O - a wand of iceblast (10)
 Q - a wand of random effects (12)
 S - a wand of flame (5)
Scrolls
 c - 2 scrolls of fear
 k - 15 scrolls of identify
 m - 6 scrolls of fog
 o - a scroll of magic mapping
 q - 9 scrolls of remove curse
 u - 7 scrolls of teleportation
 v - a scroll of amnesia
 L - a scroll of random uselessness {unknown}
Potions
 a - 2 potions of agility
 l - 3 potions of curing
 w - 3 potions of heal wounds
 C - 3 potions of flight
 D - a potion of ambrosia {unknown}
 K - 2 potions of lignification
 T - a potion of cancellation {unknown}
Miscellaneous
 P - a lightning rod (4/4)
Comestibles
 g - 21 rations


   Skills:
 * Level 12.0 Fighting
 + Level 13.3 Short Blades
 - Level 4.7 Throwing
 - Level 12.6 Dodging
 - Level 17.9 Stealth
 - Level 0.2 Shields
 - Level 1.5 Evocations


You had 9 spell levels left.
You knew the following spells:

 Your Spells              Type           Power        Failure   Level  Hunger
a - Pain                  Necr           #...         30%         1    ##.....
b - Swiftness             Chrm/Air       #.......     43%         2    ###....

Your spell library contained the following spells:

 Spells                   Type           Power        Failure   Level  Hunger
 Animate Skeleton         Necr           N/A          30%         1    ##.....
 Infusion                 Chrm           #...         30%         1    ##.....
 Shock                    Conj/Air       #...         30%         1    ##.....
 Shroud of Golubria       Chrm/Tloc      #.........   43%         2    ###....
 Song of Slaying          Chrm           #.......     43%         2    ###....
 Regeneration             Chrm/Necr      #.........   67%         3    ####...
 Spectral Weapon          Hex/Chrm       #.......     67%         3    ####...
 Static Discharge         Conj/Air       #.......     67%         3    ####...
 Vampiric Draining        Necr           #.........   67%         3    ####...
 Airstrike                Air            #.........   97%         4    #####..
 Animate Dead             Necr           N/A          97%         4    #####..
 Lightning Bolt           Conj/Air       #.........   100%        5    ######.


Dungeon Overview and Level Annotations

Branches:
Dungeon (12/15)            Temple (1/1) D:7            Lair (5/6) D:8
  Swamp (0/4) Lair:3        Snake (0/4) Lair:4        Slime (0/5) Lair:5
    Orc (2/2) D:11            Elf (0/3) Orc:2

Altars:
Ashenzari
Cheibriados
Dithmenos
Elyvilon
Fedhas
Gozag
Hepliaklqana
Kikubaaqudgha
Makhleb
Nemelex Xobeh
Okawaru
Qazlal
Ru
Sif Muna
Trog
Uskayaw
Vehumet
Wu Jian
Xom
Yredelemnul
Zin
The Shining One
Jiyva

Shops:
D:8 *   Orc:2 [(

Annotations:
D:9 3 runed doors, Greg's ghost, novice SpAs
Lair:2 3 runed doors, Itwaoref's ghost, journeyman MfFi
Lair:4 3 runed doors, Huxuz's ghost, journeyman FoHu; Mango's ghost, journeyman NaFi; edsrzf's ghost, journeyman HuBe; everene's ghost, journeyman GrBe


Innate Abilities, Weirdness & Mutations

You are very small and have problems with some larger weapons.
You are too small for most types of armour.
You have supernaturally acute eyesight. (SInv)
You are a herbivore.
You cover ground extremely quickly.
You need to consume almost no food.
You have sharp toenails.
You have an increased reservoir of magic. (+10% MP)
You are robust. (+10% HP)
You are weak. (Str -2)


Message History

The orc warlord burns you.
You hit the orc warlord.
The orc warlord looks as sick as possible!
You claw the orc warlord, but do no damage.
The orc warlord is heavily wounded.
You hit the orc warlord but do no damage.
The orc warlord is heavily wounded.
The orc no longer looks unusually strong.
You closely miss the orc warlord.
You claw the orc warlord, but do no damage.
The orc warlord is heavily wounded.
The orc warlord roars a battlecry!
The orc goes into a battle-frenzy!
You hit the orc warlord but do no damage.
You claw the orc warlord.
The orc warlord is heavily wounded.
You completely miss the orc warlord.
The orc warlord is heavily wounded.
The orc warlord hits you with a +4 battleaxe of flaming!!
You die...

##### ##.#.##
##.....####
##..)...##.##
##.#)...[)...###
#...#....##[...##
##.#.#.[.#......#
###....[......##@##
#.#...........##o##
...............ooo#
#.##.............##
#####.............#
##............#
#............##
##............##
#.........>....##


You could see an orc warlord and 3 orcs.

Vanquished Creatures
  Josephine (Lair:4)
  7 hydras
  A two-headed ogre (D:8)
  8 death yaks
  An orc high priest (Orc:1)
  Sonja (D:11)
  2 orc knights (Orc:1)
  2 orc sorcerers
  An ugly thing (D:11)
  2 manticores
  2 black mambas
  5 spiny frogs
  6 ice devils (IceCv)
  2 rime drakes
  3 komodo dragons (Lair:2)
  3 demonic crawlers (D:12)
  4 trolls
  A polar bear (Lair:5)
  Grinder (D:5)
  14 blink frogs
  7 hippogriffs
  Sigmund (D:3)
  25 yaks
  5 wraiths (Lair:4)
  A steam dragon (Lair:4)
  2 basilisks
  A hungry ghost (D:9)
  Menkaure (D:7)
  4 wargs
  2 swamp worms (Lair:3)
  5 water moccasins
  6 porcupines
  16 orc warriors
  13 ice beasts
  2 black bears
  4 phantoms
  11 ogres
  A sky beast (D:10)
  8 wolves
  10 centaurs
  10 crocodiles
  A big kobold (D:9)
  10 bullfrogs
  3 elf zombies (Ossuary)
  A scorpion (D:8)
  A water moccasin zombie (D:6)
  3 wights (D:9)
  2 howler monkeys
  A bullfrog zombie (D:11)
  4 centaur zombies
  3 crimson imps
  3 quasits
  8 hounds
  6 human zombies (Ossuary)
  13 orc priests
  A jelly (D:11)
  22 orc wizards
  3 bullfrog skeletons
  Natasha (D:4)
  5 iguanas
  A hell rat (D:8)
  6 worker ants
  3 mummies (Ossuary)
  A howler monkey zombie (D:9)
  2 worker ant zombies
  12 gnolls
  14 adders
  2 river rats (D:8)
  4 shadow imps
  11 white imps (IceCv)
  4 ufetubi (IceCv)
  An ooze (D:7)
  A worm (D:3)
  3 adder skeletons
  2 adder zombies
  4 dart slugs
  4 leopard geckos
  45 orcs
  2 giant cockroaches
  8 hobgoblins
  7 jackals
  13 kobolds
  4 quokkas
  2 ball pythons
  9 bats
  5 frilled lizards
  13 goblins
  A quokka zombie (D:8)
  5 rats
482 creatures vanquished.

Vanquished Creatures (others)
  A reaper (IceCv)
  3 white imps (IceCv)
  5 ufetubi (IceCv)
  20 fungi
  4 plants
33 creatures vanquished.

Grand Total: 515 creatures vanquished

Notes
Turn   | Place    | Note
-------+----------+-------------------------------------------
     0 | D:1      | Greg the Spriggan Assassin began the quest for the Orb.
     0 | D:1      | Reached XP level 1. HP: 10/10 MP: 2/2
    56 | D:1      | Reached skill level 6 in Stealth
   200 | D:1      | Reached XP level 2. HP: 9/14 MP: 3/3
  1141 | D:2      | Reached XP level 3. HP: 18/18 MP: 4/4
  1324 | D:2      | Reached skill level 7 in Stealth
  1927 | D:2      | Reached XP level 4. HP: 23/23 MP: 5/5
  2594 | D:3      | Noticed Sigmund
  2771 | D:3      | Killed Sigmund
  2771 | D:3      | Reached XP level 5. HP: 19/26 MP: 6/6
  2771 | D:3      | Reached XP level 6. HP: 22/30 MP: 7/7
  3148 | D:3      | Found a blossoming altar of Fedhas.
  3231 | D:3      | Learned a level 1 spell: Pain
  3982 | D:4      | Got a transparent rapier
  4032 | D:4      | Reached skill level 8 in Stealth
  4662 | D:2      | Identified the +3 rapier "Ymi Arim" {pierce, rElec rN+++
                  | Int-2 Stlth-} (You found it on level 4 of the Dungeon)
  4802 | D:3      | Reached XP level 7. HP: 13/35 MP: 8/8
  5069 | D:4      | Noticed Natasha
  5103 | D:4      | Killed Natasha
  5128 | D:4      | Got a twisted cloak
  5129 | D:4      | Identified the +0 cloak "Peguf" {Dex+2} (You found it on
                  | level 4 of the Dungeon)
  5916 | D:5      | Entered Level 5 of the Dungeon
  5976 | D:5      | Reached skill level 5 in Short Blades
  6322 | D:5      | Reached skill level 9 in Stealth
  6749 | D:5      | Reached skill level 5 in Dodging
  6749 | D:5      | Reached XP level 8. HP: 20/40 MP: 9/9
  7052 | D:5      | Noticed Grinder
  7075 | D:5      | Killed Grinder
  7075 | D:5      | Reached skill level 10 in Stealth
  7874 | D:6      | Found a sparkling altar of Nemelex Xobeh.
  7929 | D:6      | Found a stormy altar of Qazlal.
  8052 | D:6      | Reached XP level 9. HP: 34/44 MP: 10/10
  8375 | D:7      | Reached skill level 11 in Stealth
  8517 | D:7      | Noticed Menkaure
  8782 | D:7      | Killed Menkaure
  9218 | D:7      | Found a staircase to the Ecumenical Temple.
  9387 | Temple   | Entered the Ecumenical Temple
  9578 | D:8      | Noticed a two-headed ogre
  9973 | D:8      | Found a sand-covered staircase.
  9978 | Ossuary  | Entered an ossuary
 10342 | D:8      | Noticed a death yak
 10347 | D:8      | Found a staircase to the Lair.
 10349 | D:8      | Noticed a death yak
 10350 | D:8      | Noticed a death yak
 10415 | D:8      | Found Ynupas's Assorted Antiques.
 10416 | D:8      | Killed a death yak
 10416 | D:8      | Reached skill level 12 in Stealth
 10416 | D:8      | Reached XP level 10. HP: 23/51 MP: 11/11
 10467 | D:8      | HP: 1/51 [orc warrior/+0 scimitar (15)]
 10884 | D:8      | Killed a death yak
 10884 | D:8      | Reached skill level 10 in Short Blades
 10884 | D:8      | Reached skill level 10 in Dodging
 10925 | D:8      | Killed a death yak
 11362 | D:8      | Killed a two-headed ogre
 11362 | D:8      | Reached skill level 5 in Fighting
 11922 | Lair:1   | Entered Level 1 of the Lair of Beasts
 11922 | Lair:1   | Found a deep blue altar of Sif Muna.
 11922 | Lair:1   | Noticed a spiny frog
 11924 | Lair:1   | Killed a spiny frog
 11924 | Lair:1   | Reached skill level 13 in Stealth
 11965 | Lair:1   | Found a frozen archway.
 12165 | IceCv    | Entered an ice cave
 12346 | IceCv    | Noticed an ice statue
 12346 | IceCv    | Noticed an ice statue
 12912 | IceCv    | Reached XP level 11. HP: 22/56 MP: 12/12
 13511 | IceCv    | Killed a reaper
 15556 | Lair:2   | Reached skill level 14 in Stealth
 15557 | Lair:2   | Found a runed gate.
 15557 | Lair:2   | Found a runed gate.
 15557 | Lair:2   | Found a runed gate.
 16122 | Lair:2   | Noticed a six-headed hydra
 16176 | Lair:2   | Noticed Itwaoref's ghost (journeyman MfFi)
 16182 | Lair:2   | Found a viscous altar of Jiyva.
 16521 | Lair:2   | Killed a six-headed hydra
 16521 | Lair:2   | Reached skill level 15 in Stealth
 17142 | Lair:3   | Reached XP level 12. HP: 63/63 MP: 13/13
 17281 | Lair:2   | Reached skill level 16 in Stealth
 18080 | Lair:3   | Noticed an eight-headed hydra
 18082 | Lair:3   | Noticed a five-headed hydra
 19238 | Lair:3   | Found a staircase to the Swamp.
 19467 | Lair:3   | Killed a five-headed hydra
 19768 | Lair:4   | Found a runed gate.
 19769 | Lair:4   | Found a runed gate.
 19769 | Lair:4   | Noticed Huxuz's ghost (journeyman FoHu)
 19770 | Lair:4   | Found a runed gate.
 19770 | Lair:4   | Noticed Huxuz's ghost (journeyman FoHu)
 19771 | Lair:4   | Noticed Mango's ghost (journeyman NaFi)
 19774 | Lair:4   | Noticed edsrzf's ghost (journeyman HuBe)
 19775 | Lair:4   | Noticed everene's ghost (journeyman GrBe)
 19801 | Lair:4   | Noticed Josephine
 20362 | Lair:4   | Learned a level 2 spell: Swiftness
 20966 | Lair:4   | Found a staircase to the Snake Pit.
 21089 | Lair:4   | Killed Josephine
 21124 | Lair:5   | Noticed a death yak
 21125 | Lair:5   | Found a staircase to the Slime Pits.
 21126 | Lair:5   | Found a viscous altar of Jiyva.
 21127 | Lair:5   | Noticed a death yak
 21128 | Lair:5   | Noticed a death yak
 21128 | Lair:5   | Noticed a death yak
 21129 | Lair:5   | Noticed a death yak
 21132 | Lair:5   | Killed a death yak
 21135 | Lair:5   | Killed a death yak
 21189 | Lair:5   | Noticed a seven-headed hydra
 21214 | Lair:5   | Killed a death yak
 21214 | Lair:5   | Reached skill level 17 in Stealth
 21214 | Lair:5   | Reached skill level 1 in Evocations
 21246 | Lair:5   | Killed a death yak
 21284 | Lair:4   | Killed a death yak
 21548 | Lair:5   | Noticed an eight-headed hydra
 21555 | Lair:5   | Killed an eight-headed hydra
 21727 | Lair:5   | Noticed a five-headed hydra
 21734 | Lair:5   | Killed a five-headed hydra
 21927 | Lair:5   | Reached XP level 13. HP: 50/72 MP: 15/15
 21937 | Lair:5   | Reached skill level 10 in Fighting
 23299 | Lair:2   | Identified a scroll of acquirement
 23302 | Lair:2   | Got a warped hat
 23314 | Lair:2   | Identified the +1 hat of Uliuc {rC+ rCorr Int+7} (You
                  | acquired it on level 2 of the Lair of Beasts)
 23329 | Lair:2   | Gained mutation: You are weak. (Str -2) [potion of
                  | mutation]
 23329 | Lair:2   | Gained mutation: You have an increased reservoir of magic.
                  | (+10% MP) [potion of mutation]
 23329 | Lair:2   | Gained mutation: You have sharp toenails. [potion of
                  | mutation]
 23329 | Lair:2   | Gained mutation: You are robust. (+10% HP) [potion of
                  | mutation]
 23544 | D:9      | Found a shattered altar of Ashenzari.
 23986 | D:9      | Found a runed gate.
 23986 | D:9      | Found a runed gate.
 23986 | D:9      | Found a runed gate.
 23986 | D:9      | Noticed Greg's ghost (novice SpAs)
 24510 | D:9      | Found a shadowy altar of Dithmenos.
 24554 | D:9      | Found an ornate altar of the Wu Jian Council.
 24732 | D:10     | Entered Level 10 of the Dungeon
 24984 | D:10     | Got an opalescent robe
 25161 | D:10     | You fall through a shaft for 2 floors!
 26289 | D:11     | Noticed Sonja
 26291 | D:11     | Found a staircase to the Orcish Mines.
 26315 | D:11     | Killed Sonja
 27024 | Orc:1    | Entered Level 1 of the Orcish Mines
 27282 | Orc:2    | Entered Level 2 of the Orcish Mines
 27670 | Orc:2    | Found Fuoniho's Antique Weapon Shop.
 29341 | Orc:2    | Found Widwitri's Antique Armour Emporium.
 29423 | Orc:2    | Noticed an orc warlord
 29426 | Orc:2    | Found a staircase to the Elven Halls.
 29665 | Orc:1    | Slain by an orc warlord

Vault maps used:
D:1:      minmay_arrival_shoal_huts
D:2:      dk_vineyard_1, minmay_pentomino_pile
D:3:      marbit_many_paths, uniq_sigmund
D:4:      first_ration, uniq_natasha
D:5:      corexii_shack_village, uniq_grinder
D:6:      nicolae_overflow_hidden_temple, nicolae_qazlal_general_emergency
D:7:      temple_green, serial_column_ruins, column_ruins_square_medium,
          column_ruins_open_medium, column_ruins_corridor_dead_end,
          column_ruins_columns_T, column_ruins_open_tiny,
          column_ruins_corridor_dead_end, water_maze_lemuel, uniq_menkaure
D:8:      dpeg_lair_monsters, enter_ossuary_5, serial_shops,
          nicolae_shop_overgrown_old_shop
D:9:      lemuel_coloured_pillars_altar, ashenzari_conservatory_becter,
          nicolae_dithmenos_through_a_glass_darkly, gammafunk_ghost_spectres,
          grunt_ogre_cave
D:11:     orc_0_dummy, minivault_24, uniq_sonja
D:12:     cheibrodos_hippocracy
Temple:   compressed_dpeg_circular_temple
Lair:1:   basic_altar, portal_ice_cave_entry_ice_beasts
Lair:2:   gammafunk_ghost_ooze
Lair:3:   palyth_hydra_swamp_entry, lemuel_fruit_tree, grunt_megastairs_4
Lair:4:   dummy_snake_entry, gammafunk_ghost_cemetery, uniq_josephine
Lair:5:   slime_altar_1
Orc:2:    grunt_orc_gardens, grunt_orc_garden, grunt_orc_garden,
          grunt_orc_garden, grunt_orc_garden
Ossuary:  ossuary_minmay_four_chambers
IceCv:    ice_cave_small_demon

Skill      XL: |  1  2  3  4  5  6  7  8  9 10 11 12 13 |
---------------+----------------------------------------+-----
Stealth        | 6 7 8 9 10 12 13 15 17 | 17.9
Short Blades   | 3 4 5 7 9 10 11 12 13 | 13.3
Dodging        | 2 3 5 7 9 11 12 | 12.6
Fighting       | 2 3 4 5 7 9 12 | 12.0
Throwing       | 3 4 |  4.7
Evocations     | 1 |  1.5
Shields        | |  0.2

Action                   |  1- 3 |  4- 6 |  7- 9 | 10-12 | 13-15 || total
-------------------------+-------+-------+-------+-------+-------++-------
Melee: Dagger            |   153 |   213 |   497 |  1375 |  1083 ||  3321
       Rapier            |       |       |   231 |    58 |       ||   289
       Blowgun           |       |       |       |     9 |       ||     9
       Kick              |       |       |       |       |   358 ||   358
 Fire: Blowgun           |     6 |    49 |    14 |    42 |       ||   111
Throw: Tomahawk          |       |       |    22 |    35 |       ||    57
       Throwing net      |       |       |       |     3 |       ||     3
Evoke: Lightning rod     |       |       |       |     5 |       ||     5
       Wand              |       |       |       |     4 |    10 ||    14
  Use: Scroll            |     6 |     3 |     4 |     5 |     6 ||    24
       Potion            |       |       |     6 |    13 |     2 ||    21
 Stab: Sleeping          |     8 |     6 |    26 |    23 |    34 ||    97
       Distracted        |       |       |     2 |     5 |     3 ||    10
       Held in net/web   |       |       |       |     1 |       ||     1
       Invisible         |       |       |       |     1 |       ||     1
  Eat: Ration            |       |     1 |     3 |     7 |     5 ||    16
Armor: Robe              |    31 |    30 |    73 |   100 |    63 ||   297
Dodge: Dodged            |   103 |   145 |   432 |   778 |   655 ||  2113
Block: Buckler           |       |       |       |   252 |   304 ||   556

Table legend:
 A = Non-vault XP
 B = Vault XP
 C = Vault XP percentage of total XP
 D = Non-vault monster count
 E = Vault monster count
 F = Vault count percentage of total count
                 A         B        C        D         E       F
            +---------+---------+-------+---------+---------+-------
      Total |   43320 |   17920 |  29.3 |     379 |     103 |  21.4
            +---------+---------+-------+---------+---------+-------
        D:1 |      23 |       0 |   0.0 |      13 |       0 |   0.0
        D:2 |      70 |       8 |  10.3 |      18 |       3 |  14.3
        D:3 |     238 |     229 |  49.0 |      29 |       2 |   6.5
        D:4 |     373 |      36 |   8.8 |      15 |       1 |   6.2
        D:5 |     478 |     303 |  38.8 |      22 |      12 |  35.3
        D:6 |    1218 |       0 |   0.0 |      19 |       0 |   0.0
        D:7 |     610 |     175 |  22.3 |      12 |       1 |   7.7
        D:8 |    2144 |    2701 |  55.7 |      31 |       9 |  22.5
        D:9 |    3435 |     116 |   3.3 |      45 |       1 |   2.2
       D:10 |    1405 |       0 |   0.0 |      24 |       0 |   0.0
       D:11 |    5521 |     814 |  12.8 |      29 |       1 |   3.3
       D:12 |       0 |    1046 | 100.0 |       0 |       3 | 100.0
     Lair:1 |    2438 |    1026 |  29.6 |      13 |       8 |  38.1
     Lair:2 |    5547 |     930 |  14.4 |      22 |       1 |   4.3
     Lair:3 |    3169 |    2128 |  40.2 |      16 |       8 |  33.3
     Lair:4 |    3376 |    2073 |  38.0 |      13 |       6 |  31.6
     Lair:5 |    9795 |       0 |   0.0 |      21 |       0 |   0.0
      Orc:1 |    2850 |    2531 |  47.0 |      28 |       8 |  22.2
      Orc:2 |     630 |     852 |  57.5 |       9 |       3 |  25.0
    Ossuary |       0 |     721 | 100.0 |       0 |      15 | 100.0
      IceCv |       0 |    2231 | 100.0 |       0 |      21 | 100.0
            +---------+---------+-------+---------+---------+-------
